 Dungeon Crawl Stone Soup version 0.30.1-4-g462c640d31 (webtiles) character file.

Game seed: 12965489832981105250

35 hawla the Firebug (level 3, -6/26 HPs)
             Began as a Meteoran Fire Elementalist on Aug 26, 2023.
             Mangled by Edmund
             ... wielding a +1 dire flail of holy wrath
              (8 damage)
             ... on level 4 of the Dungeon.
             The game lasted 00:01:47 (261 turns).

hawla the Firebug (Meteoran Fire Elementalist)       Turns: 261, Time: 00:01:48

Health: -6/26      AC:  4    Str:  9    XL:     3   Next: 76%
Magic:  8/8        EV: 12    Int: 18    God:
Gold:   37         SH:  0    Dex: 15    Spells: 5/8 levels left

rFire   + . .        (no weapon)
rCold   + . .        (no shield)
rNeg    . . .        e - +1 robe {rC+ rF+}
rPois   .            a - +0 helmet
rElec   .            (no cloak)
rCorr   .            (no gloves)
SInv    .            (no boots)
Will    .....        (no amulet)
Stlth   +            (no ring)
HPRegen 0.24/turn    (no ring)
MPRegen 0.11/turn

%: no passive effects
@: very slightly contaminated, glowing
A: sense surroundings 1, otherworldly, glowing, explore regen
a: no special abilities


You were on level 4 of the Dungeon.
You visited 1 branch of the dungeon, and saw 4 of its levels.

You collected 37 gold pieces.

Inventory:

Armour
 a - a +0 helmet (worn)
 e - a +1 robe of resistance (worn)
Scrolls
 c - a scroll of identify {unknown}
 d - a scroll of enchant weapon {unknown}


   Skills:
 + Level 2.6 Dodging
 - Level 1.4 Stealth
 + Level 3.3 Spellcasting
 + Level 1.4 Conjurations
 + Level 4.6 Fire Magic


You had 5 spell levels left.
You knew the following spells:

 Your Spells              Type           Power      Damage    Failure   Level
a - Foxfire               Conj/Fire      52%        2x1d6     4%          1
b - Scorch                Fire           38%        2d7       3%          2

Your spell library contained the following spells:

 Spells                   Type           Power      Damage    Failure   Level
 Inner Flame              Hex/Fire       11%        N/A       19%         3
 Volatile Blastmotes      Fire/Tloc      22%        2d11      19%         3
 Blink                    Tloc           6%         N/A       24%         2
 Flame Wave               Conj/Fire      13%        2d6       41%         4
 Frozen Ramparts          Ice            6%         1d1       43%         3
 Ice Form                 Ice/Tmut       3%         N/A       83%         4
 Manifold Assault         Tloc           3%         N/A       83%         4
 Summon Ice Beast         Ice/Summ       3%         N/A       83%         4
 Storm Form               Tmut/Air       1%         N/A       100%        7


Dungeon Overview and Level Annotations

Branches:
Dungeon (4/15) Zot: 2138
 Temple: D:4-7

Altars:
Nemelex Xobeh

Annotations:
D:4 Edmund


Innate Abilities, Weirdness & Mutations

You passively map a small area around you.
You are easily found by Zot.
You glow in the dark.
You regain HP and MP as you explore.


Message History

The foxfire hits Edmund but does no damage.
Edmund is moderately wounded.
The foxfire hits Edmund.
Edmund is burned terribly!
Edmund is moderately wounded.
Casting: Scorch (safe; 3% risk of failure)
Confirm with . or Enter, or press ? or * to list all spells.
Flames lash Edmund.
Edmund is burned terribly!
Edmund is heavily wounded.
Edmund closely misses you.
Casting: Scorch (safe; 3% risk of failure)
Confirm with . or Enter, or press ? or * to list all spells.
Flames lash Edmund.
Edmund is burned terribly!
Edmund is severely wounded.
Edmund hits you with a +1 dire flail of holy wrath.
Unknown command.
Casting: Scorch (safe; 3% risk of failure)
Confirm with . or Enter, or press ? or * to list all spells.
You miscast Foxfire.
You are very lightly contaminated with residual magic.
Nothing appears to happen.
Edmund closely misses you.
You barely miss Edmund.
Edmund is severely wounded.
Edmund hits you with a +1 dire flail of holy wrath!
Casting: Foxfire (safe; 4% risk of failure)
Confirm with . or Enter, or press ? or * to list all spells.
You conjure some foxfire!
Edmund hits you with a +1 dire flail of holy wrath.
You closely miss Edmund.
Edmund is severely wounded.
The foxfire hits Edmund but does no damage.
Edmund is severely wounded.
The foxfire hits Edmund.
Edmund is severely wounded.
Edmund barely misses you. Edmund attacks as you move away!
Edmund hits you with a +1 dire flail of holy wrath!
* * * LOW HITPOINT WARNING * * *
Magic courses through your body.
Edmund hits you with a +1 dire flail of holy wrath!
You die...

#....)##.####..##.#
###..###.####..##.#
#....#.#.....##.# ,
##.#.#.#.##.###.#
#...............# ,
* #.##.#......#####
#.##..<..#### * *
#.#####.## * , *
#......@## , *
######.@.# * * *,*
#...# , #...# *,
#...# , **#...# * ,
, ..... ,, , ,
<......, .......


You could see Edmund (combustible).

Vanquished Creatures
  A hound (D:4)
  A ball python (D:2)
  A giant cockroach (D:2)
  A quokka (D:4)
  2 rats (D:2)
6 creatures vanquished.

Vanquished Creatures (others)
  23 foxfires
23 creatures vanquished.

Grand Total: 29 creatures vanquished

Notes
Turn   | Place    | Note
-------+----------+-------------------------------------------
     0 | D:1      | hawla the Meteoran Fire Elementalist began the quest for
                  | the Orb.
     0 | D:1      | Reached XP level 1. HP: 14/14 MP: 5/5
   137 | D:4      | Found a sparkling altar of Nemelex Xobeh.
   140 | D:4      | Noticed a hound
   146 | D:4      | Killed a hound
   147 | D:4      | Reached skill level 4 in Fire Magic
   147 | D:4      | Reached XP level 2. HP: 20/20 MP: 4/7
   147 | D:4      | Reached XP level 3. HP: 26/26 MP: 4/8
   150 | D:4      | Learned a level 2 spell: Scorch
   250 | D:4      | Noticed Edmund
   261 | D:4      | Mangled by Edmund

Illustrated notes

Levels and vault maps discovered:
D:1:      dpeg_arrival_pits, layout_loops_cross
D:2:      layout_loops_cross
D:3:      layout_basic, serial_shops, shop, nrook_loot_triangle, chequers_avenue
D:4:      layout_loops_cross, mainiacjoe_overflow_paths, uniq_grinder,
          uniq_blork_the_orc, uniq_edmund

Skill      XL: |  1 |
---------------+----+-----
Spellcasting   | 3 |  3.3
Fire Magic     | 4 |  4.6
Dodging        | |  2.6
Stealth        | |  1.4
Conjurations   | |  1.4

Action                     || total
---------------------------++-------
  Melee: Unarmed           ||     6
   Cast: Foxfire           ||    14
         Scorch            ||     3
    Use: Potion            ||     1
 Armour: Robe              ||     2
  Dodge: Dodged            ||     8
